 Dungeon Crawl Stone Soup version 0.29.0-5-ge4962eb29e (webtiles) character file.

Game seed: 14621336240867143297

332 xian the Insei (level 6, 0/36 HPs)
             Began as a Kobold Wanderer on Aug 29, 2022.
             Was a Priest of Lugonu.
             Slain by Pikel
             ... wielding a +2 whip of freezing
              (8 damage)
             ... on level 4 of the Dungeon.
             The game lasted 00:09:25 (4541 turns).

xian the Insei (Kobold Wanderer)                    Turns: 4541, Time: 00:09:26

Health: 0/36       AC:  4    Str: 15    XL:     6   Next: 82%
Magic:  3/10       EV: 14    Int: 17    God:    Lugonu [***...]
Gold:   88         SH:  5    Dex: 19    Spells: 7/11 levels left

rFire   x . .      SeeInvis .   d - staff of poison
rCold   + + .      Faith    .   (shield currently unavailable)
rNeg    . . .      Spirit   .   w - +0 leather armour of Resonance {rF- rC++ rCorr Stlth+}
rPois   +          Reflect  +   (no helmet)
rElec   .          Harm     .   (no cloak)
rCorr   +          Rampage  .   (no gloves)
Will    .....                   n - +0 pair of boots
Stlth   +++++.....              o - amulet of reflection
HPRegen 0.12/turn               f - +6 ring of intelligence
MPRegen 0.12/turn               m - +6 ring of strength

@: no status effects
A: small, no large weapons, nightstalker 3
a: Renounce Religion, Depart the Abyss, Bend Space, Banish


You were on level 4 of the Dungeon.
You worshipped Lugonu.
Lugonu was most pleased with you.
You visited 1 branch of the dungeon, and saw 4 of its levels.

You collected 88 gold pieces.

Inventory:

Hand Weapons
 a - a +0 dagger
Armour
 n - a +0 pair of boots (worn)
 w - the +0 leather armour of Resonance (worn) {rF- rC++ rCorr Stlth+}
   (You found it on level 2 of the Dungeon)

   rF:        It makes you vulnerable to fire.
   rC:        It greatly protects you from cold.
   rCorr:     It protects you from acid and corrosion.
   Stlth:     It makes you more stealthy.
Magical Staves
 d - a staff of poison (weapon)
Jewellery
 c - a +6 ring of dexterity
 f - a +6 ring of intelligence (left hand)
 m - a +6 ring of strength (right hand)
 o - an amulet of reflection (around neck)
Wands
 g - a wand of charming (5)
 u - a wand of light (16)
Scrolls
 h - 4 scrolls of teleportation
 i - a scroll of torment
 k - a scroll of acquirement {unknown}
 l - a scroll of immolation
 p - a scroll of noise {unknown}
 q - a scroll of vulnerability {unknown}
 r - a scroll of silence {unknown}
 v - a scroll of identify
 x - a scroll of amnesia {unknown}
 y - a scroll of fog {unknown}
 B - a scroll of poison {unknown}
 C - a scroll of enchant armour {unknown}
Potions
 b - 2 potions of might
 e - a potion of berserk rage
 j - a potion of flight
 s - a potion of haste
 t - a potion of ambrosia
 z - 3 potions of curing {unknown}
 A - a potion of cancellation {unknown}
 D - a potion of brilliance {unknown}
 E - a potion of heal wounds


   Skills:
 * Level 2.8 Fighting
 + Level 1.4 Short Blades
 + Level 1.1 Throwing
 + Level 0.1 Armour
 + Level 1.9 Dodging
 + Level 3.9 Stealth
 - Level 4.2 Unarmed Combat
 + Level 3.1 Spellcasting
 + Level 2.5 Transmutations
 + Level 2.3 Poison Magic


You had 7 spell levels left.
You knew the following spells:

 Your Spells              Type           Power      Damage    Failure   Level
a - Sting                 Tmut/Pois      64%        1d6       8%          1
b - Spider Form           Tmut/Pois      16%        N/A       24%         3

Your spell library contained the following spells:

 Spells                   Type           Power      Damage    Failure   Level
 Wereblood                Tmut           11%        N/A       12%         2
 Sublimation of Blood     Necr           2%         N/A       32%         2
 Summon Hydra             Summ           1%         N/A       100%        7


Dungeon Overview and Level Annotations

Branches:
Dungeon (4/15)
 Temple: D:4-7

Altars:
Dithmenos
Kikubaaqudgha
Xom
Zin
Lugonu

Shops:
D:1 [

Annotations:
D:4 Pikel


Innate Abilities, Weirdness & Mutations

You are small and have problems with some larger weapons.
You are completely attuned to the shadows.


Message History

That felt strangely unrewarding.
You block the lemure's attack.
You are too injured to fight recklessly!
You are too injured to fight recklessly!
A lemure is nearby!
A lemure is nearby!
Aiming: Sting (safe; 8% risk of failure)
Press: ? - help, Q - select action, (/) - cycle Shift-Dir - straight line, f - lemure
Aim: a lemure (67% to hit)
You feel a surge of power!
The sting hits the lemure.
The lemure is poisoned.
The lemure is lightly wounded.
The lemure barely misses you.
Pikel, Merchant of Souls comes into view.
He is wielding a +2 whip of freezing and carrying a wand of iceblast (6).
Aiming: Sting (safe; 8% risk of failure)
Press: ? - help, Q - select action, (/) - cycle Shift-Dir - straight line, f/p - lemure
Aim: a lemure (lightly wounded, poisoned, 67% to hit)
You feel a surge of power!
The sting hits the lemure but does no damage.
The lemure looks even sicker.
The lemure is lightly wounded.
You block the lemure's attack. The lemure closely misses you.
Aiming: Sting (safe; 8% risk of failure)
Press: ? - help, Q - select action, (/) - cycle Shift-Dir - straight line, f/p - lemure
Aim: a lemure (lightly wounded, very poisoned, 67% to hit)
You feel a surge of power!
The sting hits the lemure.
The lemure looks even sicker.
The lemure is moderately wounded.
The lemure barely misses you.
You hit the lemure but do no damage.
The lemure is moderately wounded.
The lemure hits you.
You hit the lemure but do no damage.
The lemure is moderately wounded.
The lemure hits you.
* * * LOW HITPOINT WARNING * * *
You hit the lemure but do no damage.
The lemure is moderately wounded.
The lemure misses you.
Pikel hits you with a +2 whip of freezing!
You die...

#..... #..... #$.... ###.....
###..(.... ≈ . ##5..###... ~P
..#####.@### .. ≈~~~
P....##K#### . ≈≈≈≈≈
..~P.[...... ~≈≈≈≈≈ ~~~~P~~...~~
.~~~≈≈≈≈≈≈~~P~.~~~K~~~~P
~.PP≈≈≈≈≈≈≈~~~≈≈≈≈≈≈≈≈≈~~P≈≈≈
.(.~~≈~≈~≈≈≈~~~~~~≈≈≈≈≈≈≈≈≈≈≈
..~~~~.~~~~.P.~~~~≈P~≈≈≈≈≈≈≈
..........~~.....~)~.~.~~~######


You could see Pikel and a lemure (very poisoned).

Vanquished Creatures
  Sigmund (D:2)
  A lemure (D:4)
  Natasha (thrice) (D:2)
  Robin (D:3)
  A dart slug (D:3)
  2 orcs (D:3)
  4 bats
  4 endoplasms
  2 giant cockroaches (D:1)
  12 goblins
  12 hobgoblins
  4 jackals
  3 quokkas
  5 ball pythons
  5 frilled lizards
  6 kobolds
  6 rats
72 creatures vanquished.

Notes
Turn   | Place    | Note
-------+----------+-------------------------------------------
     0 | D:1      | xian the Kobold Wanderer began the quest for the Orb.
     0 | D:1      | xian set off with the following items: a +0 dagger, 2
                  | potions of might, a +0 pair of boots, a +0 robe, a potion
                  | of berserk rage; and the following spell memorised: Sting;
                  | and the following spells available to memorise: Spider
                  | Form.
     0 | D:1      | Reached XP level 1. HP: 10/10 MP: 2/2
   278 | D:1      | Reached XP level 2. HP: 15/15 MP: 3/3
   301 | D:1      | Found a faded altar of an unknown god.
   449 | D:1      | Prayed at the altar of an unknown god.
   449 | D:1      | Became a worshipper of Lugonu the Unformed
   449 | D:1      | Reached * piety under Lugonu
   449 | D:1      | Reached ** piety under Lugonu
  1205 | D:1      | Found Hesops's Armour Shop.
  1378 | D:1      | Reached XP level 3. HP: 14/20 MP: 0/4
  1531 | D:2      | Reached skill level 1 in Fighting
  1658 | D:2      | Noticed Natasha
  1665 | D:2      | Killed Natasha
  1666 | D:2      | Reached skill level 1 in Short Blades
  1666 | D:2      | Reached skill level 1 in Transmutations
  1806 | D:2      | Reached XP level 4. HP: 25/25 MP: 2/6
  1810 | D:2      | Learned a level 3 spell: Spider Form
  1953 | D:2      | Found a shadowy altar of Dithmenos.
  1953 | D:2      | Noticed Natasha
  1963 | D:2      | Killed Natasha
  2163 | D:2      | Noticed Sigmund
  2190 | D:2      | Killed Sigmund
  2191 | D:2      | Reached XP level 5. HP: 3/31 MP: 5/9
  2191 | D:2      | Reached XP level 6. HP: 4/36 MP: 5/10
  2580 | D:2      | Identified the +0 leather armour of Resonance {rF- rC++
                  | rCorr Stlth+}
  2659 | D:2      | Noticed Natasha
  2665 | D:2      | Killed Natasha
  3345 | D:3      | Found an ancient bone altar of Kikubaaqudgha.
  3349 | D:3      | Found a shimmering altar of Xom.
  3715 | D:3      | Found a glowing silver altar of Zin.
  3967 | D:3      | Noticed Robin
  3976 | D:3      | Reached *** piety under Lugonu
  4019 | D:3      | Killed Robin
  4535 | D:4      | Noticed Pikel
  4541 | D:4      | Slain by Pikel

Illustrated notes

Levels and vault maps discovered:
D:1:      roderic_octagonal_star, layout_basic,
          shapermc_ecumenical_altar_totnotflames, serial_shops,
          nicolae_shop_behind_doors, minivault_5, nicolae_figureground_sparkle
D:2:      layout_basic, basic_altar, minmay_unequal, uniq_sigmund, uniq_natasha
D:3:      layout_rooms, old_standard_altar, minitemple, nicolae_eternal_life,
          uniq_robin
D:4:      layout_basic, minmay_temple_entry_statues_fountains,
          chequers_big_river, uniq_pikel

Skill      XL: |  1  2  3  4  5  6 |
---------------+-------------------+-----
Stealth        | 3 |  3.9
Fighting       | 1 2 |  2.8
Short Blades   | 1 |  1.4
Transmutations | 1 2 |  2.5
Spellcasting   | 2 3 |  3.1
Poison Magic   | 2 |  2.3
Throwing       | |  1.1
Armour         | |  0.1
Dodging        | |  1.9
Unarmed Combat | |  4.2

Action                   |  1- 3 |  4- 6 || total
-------------------------+-------+-------++-------
Melee: Dagger            |    23 |     7 ||    30
       Punch             |     1 |     2 ||     3
       Staff             |       |    22 ||    22
 Cast: Sting             |    25 |   101 ||   126
Evoke: Wand              |       |     1 ||     1
  Use: Scroll            |       |     6 ||     6
 Stab: Sleeping          |     2 |     1 ||     3
       Distracted        |       |     1 ||     1
Armor: Robe              |     5 |     2 ||     7
       Leather armour    |       |    11 ||    11
Dodge: Dodged            |     7 |    43 ||    50
Block: Other             |       |    16 ||    16
       Reflection        |       |     1 ||     1
